 Dungeon Crawl Stone Soup version 0.20-a0-926-g560771d (webtiles) character file.

151 Rrauwl the Shooter (level 5, 0/42 HPs)
             Began as a Barachi Hunter on Mar 28, 2017.
             Succumbed to luab's ghost's poison
             ... on level 4 of the Dungeon.
             The game lasted 00:10:49 (2643 turns).

Rrauwl the Shooter (Barachi Hunter)                 Turns: 2643, Time: 00:10:49

Health: 0/42       AC:  3    Str: 14 (15) XL:     5   Next: 33%
Magic:  5/5        EV: 13    Int: 12 (13) God:
Gold:   110        SH:  0    Dex: 12      Spells: 1/4 levels left

rFire    + . .     SeeInvis .   a - +2 shortbow
rCold    . . .     Gourm    .   (shield currently unavailable)
rNeg     . . .     Faith    .   c - +0 leather armour
rPois    .         Spirit   .   (helmet restricted)
rElec    .         Reflect  .   (no cloak)
rCorr    .         Harm     .   (no gloves)
MR       .....                  (no boots)
Stlth    +.........             (no amulet)
Regen    0.2/turn               n - +2 ring of strength
MPRegen  0.1/turn               (no ring)

@: lethally poisoned (0 -> -39), slow
A: +LOS, swims, horns 2, fire resistance 1, slowness 1, strong legs 1
a: Hop


You were on level 4 of the Dungeon.
You were not hungry.

You visited 1 branch of the dungeon, and saw 4 of its levels.

You collected 110 gold pieces.

Inventory:

Hand Weapons
 a - a +2 shortbow (weapon)
 b - a +0 short sword
Missiles
 d - 71 arrows (quivered)
Armour
 c - a +0 leather armour (worn)
 h - a +2 helmet
Jewellery
 n - a +2 ring of strength (left hand)
Scrolls
 e - 4 scrolls of teleportation
 k - 11 scrolls of identify
 l - 4 scrolls of magic mapping
 m - a scroll of fog
 q - a scroll of enchant weapon
Books
 p - a book of Necromancy

   Spells                             Type                      Level
   a - Pain                           Necromancy                   1
   b - Animate Skeleton               Necromancy                   1
   c - Vampiric Draining              Necromancy                   3
   d - Regeneration                   Charms/Necromancy            3
   e - Animate Dead                   Necromancy                   4
   f - Control Undead                 Necromancy                   4
Comestibles
 f - 3 bread rations
 g - 2 meat rations
 t - 3 royal jellies


   Skills:
 + Level 3.7 Fighting
 + Level 4.8 Bows
 + Level 2.2 Armour
 + Level 3.5 Dodging
 - Level 1.0 Stealth


You had one spell level left.
You knew the following spells:

 Your Spells              Type           Power        Failure   Level  Hunger
a - Regeneration          Chrm/Necr      #.........   94%         3    ####...


Dungeon Overview and Level Annotations

Branches:
Dungeon (4/15)
 Temple: D:4-7

Altars:
Ashenzari
Trog

Shops:
D:4 }

Annotations:
D:4 luab's ghost, amateur GrGl


Innate Abilities, Weirdness & Mutations

Shadows flee at your approach. (+LOS)
You can swim through water.
You cover ground slowly.
You can hop short distances.
You have a pair of horns on your head.
Your flesh is heat resistant. (rF+)


Message History

You shoot an arrow. The arrow closely misses luab's ghost.
You feel sick. Luab's ghost hits you.
* * * LOW HITPOINT WARNING * * *
You are more poisoned.
Firing (i - inventory):
d - 73 arrows (quivered)
Press: ? - help, Shift-Dir - straight line, f/p - luab's ghost
Aim: luab's ghost, wielding a weapon of venom (heavily damaged)
You shoot an arrow.
The arrow completely misses luab's ghost.
* * * LOW HITPOINT WARNING * * *
You feel very sick. Luab's ghost hits you.
* * * LOW HITPOINT WARNING * * *
Firing (i - inventory):
d - 72 arrows (quivered)
Press: ? - help, Shift-Dir - straight line, f/p - luab's ghost
Aim: luab's ghost, wielding a weapon of venom (heavily damaged)
You shoot an arrow.
The arrow hits luab's ghost but does no damage.
Luab's ghost is heavily damaged.
You die...

#.##.# ###<### #
## #..#.# #.#
##.#.# #.#
####.#.## #.#
........# #.####
........#####.#..#
....[...#.....#..#
........#(#####..#
......>.#.(...#W@#
........#(..(...[#
#######.#......#.#
.# #.#..##..#.#
.######.#..##..#.#
...............#..
.######.#..###.###
............<#.##
###...[.#.......#


You could see luab's ghost.

Vanquished Creatures
  A scorpion (D:4)
  An adder (D:3)
  An ooze (D:1)
  A dart slug (D:1)
  3 leopard geckos
  12 orcs
  4 giant cockroaches
  5 goblins
  9 hobgoblins
  6 kobolds
  2 quokkas
  2 ball pythons
  7 bats
  4 frilled lizards
  6 rats
64 creatures vanquished.

Notes
Turn   | Place    | Note
-------+----------+-------------------------------------------
     0 | D:1      | Rrauwl the Barachi Hunter began the quest for the Orb.
     0 | D:1      | Reached XP level 1. HP: 17/17 MP: 1/1
    48 | D:1      | Reached skill level 1 in Stealth
   135 | D:1      | Reached XP level 2. HP: 23/23 MP: 2/2
   497 | D:1      | Reached XP level 3. HP: 26/28 MP: 3/3
   698 | D:1      | Reached skill level 1 in Armour
  1067 | D:2      | Found a bloodstained altar of Trog.
  1403 | D:2      | Found a shattered altar of Ashenzari.
  1501 | D:3      | Reached XP level 4. HP: 35/35 MP: 4/4
  1928 | D:3      | Gained mutation: You have a pair of small horns on your head. [potion of mutation]
  1928 | D:3      | Gained mutation: You have a pair of horns on your head. [potion of mutation]
  1928 | D:3      | Gained mutation: Your flesh is heat resistant. (rF+) [potion of mutation]
  2114 | D:4      | Found Itteimih's Gadget Emporium.
  2122 | D:4      | Learned a level 3 spell: Regeneration
  2399 | D:4      | Reached XP level 5. HP: 17/42 MP: 5/5
  2544 | D:4      | Noticed luab's ghost (amateur GrGl)
  2643 | D:4      | Succumbed to luab's ghost's poison

Vault maps used:
D:1:      minmay_arrival_jagged
D:2:      nicolae_overflow_hidden_temple, marbit_many_paths, first_bread,
          minivault_25
D:4:      minmay_temple_entry_butterflies, serial_shops, shop

Skill      XL: |  1  2  3  4 |
---------------+-------------+-----
Stealth        | 1 |  1.0
Fighting       | 3 |  3.7
Armour         | 1 2 |  2.2
Dodging        | 3 |  3.5
Bows           | |  4.8

Action                   |  1- 3 |  4- 6 || total
-------------------------+-------+-------++-------
 Fire: Shortbow          |    92 |    88 ||   180
 Abil: Hop               |       |     1 ||     1
  Use: Potion            |       |    10 ||    10
       Scroll            |       |     7 ||     7
  Eat: Chunk             |     1 |     3 ||     4
       Royal jelly       |     1 |       ||     1
Armor: Leather armour    |     4 |     5 ||     9
Dodge: Dodged            |    10 |    17 ||    27
